 Dungeon Crawl Stone Soup version 0.20-a0-2-g2b0e13a (webtiles) character file.

769 Amciq the Skirmisher (level 7, -12/61 HPs)
             Began as a Minotaur Fighter on Oct 28, 2016.
             Was a Believer of Uskayaw.
             Mangled by a hill giant
             ... wielding a +0 giant spiked club
              (30 damage)
             ... on level 6 of the Dungeon.
             The game lasted 00:19:20 (4368 turns).

Amciq the Skirmisher (Minotaur Fighter)             Turns: 4368, Time: 00:19:20

Health: -12/61     AC:  7    Str: 17    XL:     7   Next: 52%
Magic:  4/6        EV: 14    Int:  5    God:    Uskayaw [**....]
Gold:   244        SH:  7    Dex: 13    Spells: 0 memorised, 6 levels left

rFire  + . .     SeeInvis .     H - +6 mace of Benevolence {drain, rPois rC+ Str-5 Dex+3}
rCold  . . .     Gourm    .     b - +0 scale mail
rNeg   . . .     Faith    .     j - +2 buckler
rPois  +         Spirit   .     (helmet restricted)
rElec  .         Reflect  .     (no cloak)
rCorr  .         Harm     .     (no gloves)
MR     .....                    (no boots)
Stlth  ..........               l - amulet of magic regeneration
                                A - ring of fire
                                D - +4 ring of evasion

@: no status effects
A: retaliatory headbutt, horns 2
a: Stomp, Line Pass, Renounce Religion


You were on level 6 of the Dungeon.
You worshipped Uskayaw.
Uskayaw was noncommittal.
You were hungry.

You visited 1 branch of the dungeon, and saw 6 of its levels.

You collected 244 gold pieces.

Inventory:

Hand Weapons
 a - a +0 flail
 H - the +6 mace of Benevolence (weapon) {drain, rPois rC+ Str-5 Dex+3}
   (You found it on level 5 of the Dungeon)

   A truly terrible weapon, it drains the life of those it strikes.
   It affects your strength (-5).
   It affects your dexterity (+3).
   It protects you from cold.
   It protects you from poison.
Armour
 b - a +0 scale mail (worn)
 c - a +0 shield
 j - a +2 buckler (worn)
Jewellery
 l - an amulet of magic regeneration (around neck)
 A - a ring of fire (right hand)
 D - a +4 ring of evasion (left hand)
Wands
 w - a wand of disintegration (9/24)
Scrolls
 h - 5 scrolls of amnesia {unknown}
 i - 2 scrolls of blinking
 k - 4 scrolls of teleportation
 n - a scroll of noise {unknown}
 o - 5 scrolls of remove curse
 p - 4 scrolls of magic mapping
 q - a scroll of recharging {unknown}
 r - a scroll of enchant armour {unknown}
 s - a scroll of identify
 y - a scroll of fear {unknown}
 B - a scroll of random uselessness {unknown}
 I - a scroll of enchant weapon {unknown}
Potions
 d - 4 potions of might
 e - a potion of curing
 g - a potion of cure mutation
 m - a potion of ambrosia {unknown}
 t - 2 potions of heal wounds {unknown}
 v - 2 potions of degeneration {unknown}
 x - 2 potions of flight
 z - a potion of lignification
 F - 2 potions of brilliance {unknown}
 J - 3 potions of agility {unknown}
Books
 u - a Fen Folio

   Spells                             Type                      Level
   a - Corpse Rot                     Necromancy                   2
   b - Stone Arrow                    Conjuration/Earth            3
   c - Leda's Liquefaction            Hexes/Earth                  4
   d - Summon Forest                  Summoning/Translocation      5
   e - Hydra Form                     Transmutation                6
   f - Summon Hydra                   Summoning                    7
Comestibles
 f - 3 bread rations
 C - 2 meat rations
 E - 2 beef jerkies
 G - 2 chunks of flesh


   Skills:
 * Level 5.5 Fighting
 * Level 4.7 Maces & Flails
 + Level 2.4 Throwing
 * Level 5.5 Armour
 + Level 2.6 Dodging
 * Level 5.5 Shields
 + Level 1.9 Unarmed Combat
 + Level 1.2 Invocations


You had 6 spell levels left.
You didn't know any spells.

Dungeon Overview and Level Annotations

Branches:
Dungeon (6/15)
 Temple: D:4-7

Altars:
Elyvilon
Fedhas
Hepliaklqana
Okawaru
Trog
Uskayaw
Xom
Zin


Innate Abilities, Weirdness & Mutations

You reflexively headbutt those who attack you in melee.
You have a pair of horns on your head.


Message History

The hill giant is moderately wounded.
You are feeling hungry.
You can no longer stomp with the beat.
The hill giant hits you with a giant spiked club!!
You hit the hill giant. You headbutt the hill giant!
The hill giant is heavily wounded.
You can now stomp with the beat.
You hit the hill giant.
The hill giant is heavily wounded.
You block the hill giant's attack.
You thump the hill giant! You drain the hill giant!
You headbutt the hill giant!
The hill giant is severely wounded.
The hill giant hits you with a giant spiked club!
* * * LOW HITPOINT WARNING * * *
You can now pass through a line of other dancers.
You hit the hill giant. You headbutt the hill giant.
The hill giant is almost dead.
The hill giant hits you with a giant spiked club!!
You die...

### ################
#..##..##..##..#...##
#...#..........'....#
#...#..........#....#
#..C#..........#....#
#...@..........#....#
#...#..........#....#
#########.###.#######
#..##.#######.###.#
#...............>.#
#.................#
#.................#
#.................#
#....#######..##.##


You could see a hill giant.

Vanquished Creatures
  An ice beast (D:6)
  A black bear (D:6)
  A bullfrog (D:6)
  3 hounds
  Crazy Yiuf (D:5)
  2 orc priests
  An orc wizard (D:4)
  3 worker ants
  A hound zombie (D:5)
  A howler monkey skeleton (D:3)
  9 adders
  A dart slug (D:1)
  3 worms
  2 leopard geckos
  5 orcs
  7 bats
  3 giant cockroaches
  8 goblins
  6 hobgoblins (D:2)
  4 jackals
  3 quokkas
  A ball python (D:3)
  2 frilled lizards (D:1)
  A giant cockroach zombie (D:5)
  4 kobolds
  A quokka skeleton (D:4)
  13 rats
88 creatures vanquished.

Vanquished Creatures (others)
  The ghost of gg19 the Gusty, an amateur TeAE (D:4)
1 creature vanquished.

Grand Total: 89 creatures vanquished

Notes
Turn   | Place    | Note
-------+----------+-------------------------------------------
     0 | D:1      | Amciq the Minotaur Fighter began the quest for the Orb.
     0 | D:1      | Reached XP level 1. HP: 19/19 MP: 0/0
   116 | D:1      | Reached XP level 2. HP: 24/27 MP: 1/1
   644 | D:2      | Found a hazy altar of Hepliaklqana.
   675 | D:2      | Reached XP level 3. HP: 33/33 MP: 2/2
   859 | D:2      | Found a blossoming altar of Fedhas.
   913 | D:2      | You fall through a shaft!
   944 | D:3      | Reached XP level 4. HP: 33/40 MP: 3/3
  1014 | D:2      | Found a glowing silver altar of Zin.
  1200 | D:2      | Found a hide-covered altar of Uskayaw.
  1204 | D:2      | Found an iron altar of Okawaru.
  1209 | D:2      | Became a worshipper of Uskayaw the Reveler
  1274 | D:3      | Reached * piety under Uskayaw
  1421 | D:3      | Reached ** piety under Uskayaw
  1456 | D:3      | Reached skill level 1 in Throwing
  1806 | D:4      | Reached XP level 5. HP: 23/47 MP: 0/4
  2005 | D:4      | Noticed gg19's ghost (amateur TeAE)
  2132 | D:4      | Killed gg19's ghost
  2132 | D:4      | Reached skill level 1 in Dodging
  2132 | D:4      | Reached skill level 1 in Unarmed Combat
  2974 | D:4      | Reached XP level 6. HP: 51/53 MP: 5/5
  3334 | D:4      | Reached skill level 5 in Armour
  3515 | D:5      | Entered Level 5 of the Dungeon
  3534 | D:5      | Reached *** piety under Uskayaw
  3538 | D:5      | Reached **** piety under Uskayaw
  3620 | D:5      | Found a shimmering altar of Xom.
  3672 | D:5      | Noticed a moth of wrath
  3675 | D:5      | Found a bloodstained altar of Trog.
  3763 | D:5      | Found a runed door.
  3767 | D:5      | Noticed Crazy Yiuf
  3771 | D:5      | Killed Crazy Yiuf
  3771 | D:5      | Reached skill level 5 in Fighting
  3776 | D:5      | Got a crude mace
  3780 | D:5      | Identified the +6 mace of Benevolence {drain, rPois rC+ Str-5 Dex+3} (You found it on level 5 of the Dungeon)
  3972 | D:5      | Found a white marble altar of Elyvilon.
  4132 | D:6      | Reached skill level 5 in Shields
  4137 | D:6      | Reached XP level 7. HP: 46/61 MP: 6/6
  4169 | D:6      | Reached skill level 1 in Invocations
  4362 | D:6      | Noticed a hill giant
  4368 | D:6      | Mangled by a hill giant

Vault maps used:
D:1:      ncdulo_smallfort
D:2:      minmay_overflow_temple_star_quad, lemuel_doored_altar, fedhas_altar_3,
          first_bread, serial_bayou_pond_e
D:5:      elyvilon_altar_4, kennysheep_mini, tgw_trog, uniq_crazy_yiuf_cottage
D:6:      basic_altar, dk_rats_in_the_wall, uniq_blork_the_orc

Skill      XL: |  1  2  3  4  5  6  7 |
---------------+----------------------+-----
Armour         | 4 5 |  5.5
Fighting       | 4 5 |  5.5
Maces & Flails | 3 4 |  4.7
Shields        | 4 5 |  5.5
Throwing       | 1 2 |  2.4
Dodging        | 1 2 |  2.6
Unarmed Combat | 1 |  1.9
Invocations    | 1 |  1.2

Action                   |  1- 3 |  4- 6 |  7- 9 || total
-------------------------+-------+-------+-------++-------
Melee: Flail             |    87 |   128 |       ||   215
       Headbutt          |    11 |    21 |     5 ||    37
       Mace              |       |    20 |    25 ||    45
Invok: Stomp             |       |     2 |     1 ||     3
  Use: Scroll            |       |     6 |     2 ||     8
 Stab: Paralysed         |       |     2 |       ||     2
  Eat: Chunk             |       |     8 |       ||     8
       Beef jerky        |       |     2 |       ||     2
Armor: Scale mail        |    35 |    54 |     5 ||    94
Dodge: Dodged            |    29 |    77 |    14 ||   120
Block: Shield            |     7 |       |       ||     7
       Buckler           |    26 |    44 |    10 ||    80
